PAA
DURHAM RAPIERS @ LANNISTER UNITED LIONHEARTS
05/22/2022
 
TOP OF THE 1ST
Durham Rapiers batting - Pitching for Lannister United Lionhearts : RHP Il-gyung Kim
Pitching: RHP Il-gyung Kim
Batting: RHB Esteban Garza 0-0: Ball
1-0: Called Strike
1-1: Ground out 6-3 (Groundball, 6M)
Batting: LHB Evan Nelson 0-0: Ball
1-0: Ball
2-0: Ground out 4-3 (Groundball, 34)
Batting: RHB Luis Tapia 0-0: Called Strike
0-1: Called Strike
0-2: Ground out 1-3 (Groundball, 15)
Top of the 1st over - 0 run(s), 0 hit(s), 0 error(s), 0 left on base; Durham 0 - Lannister United 0
BOTTOM OF THE 1ST
Lannister United Lionhearts batting - Pitching for Durham Rapiers : RHP Juan Díaz
Pitching: RHP Juan Díaz
Batting: RHB Héctor Ruíz 0-0: Fly out, F8 (Line Drive, 8RM)
Batting: LHB Aurelio Aurillo 0-0: Ball
1-0: Ball
2-0: Ball
3-0: Called Strike
3-1: Foul Ball, location: 2F
3-2: SINGLE (Flyball, 8RS)
Batting: LHB Eduardo Álvarez 0-0: Called Strike
0-1: Called Strike
0-2: Ball
1-2: Foul Ball, location: 2F
1-2: Ball
Wild Pitch!
Aurelio Aurillo to second
2-2: Fly out, F7 (Flyball, 7S)
Batting: LHB Carl Duncan 0-0: SINGLE (Groundball, 34D)
Aurelio Aurillo to third
Runner from 3rd tries for Home, SAFE, throw made home
Batting: RHB Javier Chávez 0-0: Foul Ball, location: 2F
0-1: Fly out, F8 (Flyball, 8RD)
Bottom of the 1st over - 1 run(s), 2 hit(s), 0 error(s), 1 left on base; Durham 0 - Lannister United 1
TOP OF THE 2ND
Durham Rapiers batting - Pitching for Lannister United Lionhearts : RHP Il-gyung Kim
Batting: RHB Harrison Blackford 0-0: Ball
1-0: Fly out, F9 (Flyball, 89M)
Batting: SHB Kunimichi Chikafuji 0-0: Called Strike
0-1: Called Strike
0-2: SINGLE (Groundball, 4MD)
Batting: RHB Caleb Lee 0-0: Called Strike
0-1: Ball
1-1: Ball
2-1: Ball
3-1: Fielders Choice at 2nd, 4-6 (Groundball, 34)
Batting: RHB Kevin Sanderson 0-0: Called Strike
0-1: Ball
1-1: Ball
2-1: Foul Ball, location: 2F
2-2: Hit by Pitch
Caleb Lee to second
Batting: SHB Orlando López 0-0: Ball
1-0: Called Strike
1-1: Swinging Strike
1-2: Foul Ball, location: 2F
1-2: Strikes out swinging
Top of the 2nd over - 0 run(s), 1 hit(s), 0 error(s), 2 left on base; Durham 0 - Lannister United 1
BOTTOM OF THE 2ND
Lannister United Lionhearts batting - Pitching for Durham Rapiers : RHP Juan Díaz
Batting: RHB Carlos Pacheco 0-0: Ball
1-0: Ball
2-0: Ball
3-0: Base on Balls
Batting: RHB Brian King 0-0: Called Strike
0-1: Grounds into double play, 6-4-3 (Groundball, 6)
Batting: RHB Sancho Balderas 0-0: Ball
1-0: Fly out, F7 (Flyball, 7M)
Bottom of the 2nd over - 0 run(s), 0 hit(s), 0 error(s), 0 left on base; Durham 0 - Lannister United 1
TOP OF THE 3RD
Durham Rapiers batting - Pitching for Lannister United Lionhearts : RHP Il-gyung Kim
Batting: LHB Mitchell Hansen 0-0: Ball
1-0: Swinging Strike
1-1: Ball
2-1: Ball
3-1: Base on Balls
Batting: RHB Esteban Garza 0-0: Ball
1-0: Ball
2-0: SINGLE (Line Drive, 8LS)
Mitchell Hansen to second
Batting: LHB Evan Nelson 0-0: Ball
1-0: Ball
2-0: Called Strike
2-1: Ball
3-1: Base on Balls
Mitchell Hansen to third
Esteban Garza to second
Batting: RHB Luis Tapia 0-0: Ball
1-0: DOUBLE (Line Drive, 5L)
Mitchell Hansen scores
Esteban Garza scores
Evan Nelson to third
Runner from 3rd tries for Home, SAFE, no throw or cutoff
Batting: RHB Harrison Blackford 0-0: Called Strike
0-1: Ball
1-1: Fly out, F3 (Popup, 3)
Batting: SHB Kunimichi Chikafuji 0-0: Ball
1-0: Called Strike
1-1: Ball
2-1: Foul Ball, location: 2F
2-2: Ball
3-2: Fly out, F8 (Flyball, 8LM)
Batting: RHB Caleb Lee 0-0: Called Strike
0-1: Swinging Strike
0-2: Ball
1-2: Strikes out swinging
Top of the 3rd over - 3 run(s), 2 hit(s), 0 error(s), 1 left on base; Durham 3 - Lannister United 1
BOTTOM OF THE 3RD
Lannister United Lionhearts batting - Pitching for Durham Rapiers : RHP Juan Díaz
Batting: LHB José Tamayo 0-0: Ball
1-0: SINGLE (Flyball, 9LM)
Batting: RHB Héctor Ruíz 0-0: Ball
1-0: Ball
2-0: Called Strike
2-1: Fly out, F6 (Line Drive, 6D)
Batting: LHB Aurelio Aurillo 0-0: Ball
1-0: Called Strike
1-1: Ball
2-1: Foul Ball, location: 2F
2-2: SINGLE (Groundball, 34D)
José Tamayo to second
Runner from 2nd tries for 3rd, SAFE, no throw or cutoff
Batting: LHB Eduardo Álvarez 0-0: SINGLE (Flyball, 8LS)
José Tamayo scores
Aurelio Aurillo to second
Batting: LHB Carl Duncan 0-0: Ball
1-0: Ball
2-0: Called Strike
2-1: Foul Ball, location: 2F
2-2: Strikes out swinging
Batting: RHB Javier Chávez 0-0: SINGLE (Groundball, 6D)
Aurelio Aurillo to third
Eduardo Álvarez to second
Runner from 3rd tries for Home, throw and OUT!
Bottom of the 3rd over - 1 run(s), 4 hit(s), 0 error(s), 2 left on base; Durham 3 - Lannister United 2
TOP OF THE 4TH
Durham Rapiers batting - Pitching for Lannister United Lionhearts : RHP Il-gyung Kim
Batting: RHB Kevin Sanderson 0-0: Ball
1-0: Foul Ball, location: 2F
1-1: Ball
2-1: SINGLE (Line Drive, 4)
Batting: SHB Orlando López 0-0: Ball
1-0: Grounds into double play, 4-6-3 (Groundball, 34)
Batting: LHB Mitchell Hansen 0-0: Ball
1-0: Swinging Strike
1-1: Foul Ball, location: 2F
1-2: Strikes out swinging
Top of the 4th over - 0 run(s), 1 hit(s), 0 error(s), 0 left on base; Durham 3 - Lannister United 2
BOTTOM OF THE 4TH
Lannister United Lionhearts batting - Pitching for Durham Rapiers : RHP Juan Díaz
Batting: RHB Carlos Pacheco 0-0: SINGLE (Line Drive, 34D)
Batting: RHB Brian King 0-0: Called Strike
0-1: Ball
1-1: SINGLE (Groundball, 6D)
Carlos Pacheco to second
Batting: RHB Sancho Balderas 0-0: Called Strike
0-1: Foul Ball, location: 2F
0-2: Foul Ball, location: 2F
0-2: Ball
Passed Ball!
Carlos Pacheco to third
Brian King to second
1-2: Ground out 5-3 (Groundball, 5)
Batting: LHB José Tamayo 0-0: Ball
1-0: Fly out, F2 (Popup, 2L)
Batting: RHB Héctor Ruíz 0-0: Called Strike
0-1: Foul Ball, location: 2F
0-2: Ball
1-2: Strikes out swinging
Bottom of the 4th over - 0 run(s), 2 hit(s), 0 error(s), 2 left on base; Durham 3 - Lannister United 2
TOP OF THE 5TH
Durham Rapiers batting - Pitching for Lannister United Lionhearts : RHP Il-gyung Kim
Batting: RHB Esteban Garza 0-0: Ball
1-0: Called Strike
1-1: Called Strike
1-2: Ball
2-2: Foul Ball, location: 2F
2-2: Fly out, F3 (Popup, 3SF)
Batting: LHB Evan Nelson 0-0: Called Strike
0-1: Ball
1-1: Ball
2-1: Fly out, F7 (Flyball, 7S)
Batting: RHB Luis Tapia 0-0: Ball
1-0: Ball
2-0: Called Strike
2-1: Ball
3-1: Swinging Strike
3-2: Strikes out swinging
Top of the 5th over - 0 run(s), 0 hit(s), 0 error(s), 0 left on base; Durham 3 - Lannister United 2
BOTTOM OF THE 5TH
Lannister United Lionhearts batting - Pitching for Durham Rapiers : RHP Juan Díaz
Batting: LHB Aurelio Aurillo 0-0: Called Strike
0-1: Ball
1-1: Called Strike
1-2: Ground out U3 (Groundball, 3)
Batting: LHB Eduardo Álvarez 0-0: Swinging Strike
0-1: Swinging Strike
0-2: Ball
1-2: Fly out, F8 (Line Drive, 78M)
Batting: LHB Carl Duncan 0-0: Fly out, F7 (Line Drive, 7S)
Bottom of the 5th over - 0 run(s), 0 hit(s), 0 error(s), 0 left on base; Durham 3 - Lannister United 2
TOP OF THE 6TH
Durham Rapiers batting - Pitching for Lannister United Lionhearts : RHP Il-gyung Kim
Batting: RHB Harrison Blackford 0-0: Ball
1-0: Fly out, F7 (Popup, 6D)
Batting: SHB Kunimichi Chikafuji 0-0: Ball
1-0: Called Strike
1-1: Ball
2-1: Foul Ball, location: 2F
2-2: Ball
3-2: Strikes out swinging
Batting: RHB Caleb Lee 0-0: Ball
1-0: Ground out U3 (Groundball, 3)
Top of the 6th over - 0 run(s), 0 hit(s), 0 error(s), 0 left on base; Durham 3 - Lannister United 2
BOTTOM OF THE 6TH
Lannister United Lionhearts batting - Pitching for Durham Rapiers : RHP Juan Díaz
Batting: RHB Javier Chávez 0-0: Ball
1-0: Foul Ball, location: 2F
1-1: SOLO HOME RUN (Flyball, 7D), Distance : 376 ft
Batting: RHB Carlos Pacheco 0-0: Ground out 4-3 (Groundball, 4M)
Batting: RHB Brian King 0-0: Called Strike
0-1: Ball
1-1: Foul Ball, location: 2F
1-2: Ball
2-2: Ball
3-2: Ground out 4-3 (Groundball, 13)
Batting: RHB Sancho Balderas 0-0: Foul Ball, location: 2F
0-1: Ball
1-1: SINGLE (Line Drive, 6D)
Batting: LHB José Tamayo 0-0: Called Strike
0-1: Fly out, F8 (Line Drive, 8RM)
Bottom of the 6th over - 1 run(s), 2 hit(s), 0 error(s), 1 left on base; Durham 3 - Lannister United 3
TOP OF THE 7TH
Durham Rapiers batting - Pitching for Lannister United Lionhearts : RHP Il-gyung Kim
Pitching: RHP Tom Rosas
Batting: RHB Kevin Sanderson 0-0: SINGLE (Groundball, 15S) (infield hit)
Batting: SHB Orlando López 0-0: Bunted foul
0-1: Ball
1-1: Bunted foul
1-2: Ball
2-2: Fly out, F7 (Line Drive, 78M)
Batting: LHB Mitchell Hansen 0-0: Called Strike
Kevin Sanderson steals 2nd base
0-1: Ball
1-1: Ball
2-1: Ball
3-1: Called Strike
3-2: Base on Balls
Pinch Hitting: LHB Mayer Röhricht 0-0: Ball
1-0: Ball
2-0: Foul Ball, location: 2F
2-1: Called Strike
2-2: Strikes out swinging
Batting: LHB Evan Nelson 0-0: Called Strike
0-1: Ball
1-1: Ball
2-1: SINGLE (Groundball, 4MD)
Kevin Sanderson to third
Mitchell Hansen to second
Runner from 3rd tries for Home, SAFE, no throw or cutoff
Batting: RHB Luis Tapia 0-0: Called Strike
0-1: SINGLE (Groundball, 5L)
Mitchell Hansen to third
Evan Nelson to second
Runner from 3rd tries for Home, SAFE, throw made home
Pinch Hitting: LHB Barton McCann Single, Error in OF, E9, batter to second base
Evan Nelson scores
Luis Tapia to third
Batting: SHB Kunimichi Chikafuji 0-0: Ball
1-0: Called Strike
1-1: Swinging Strike
1-2: Strikes out swinging
Top of the 7th over - 3 run(s), 4 hit(s), 1 error(s), 2 left on base; Durham 6 - Lannister United 3
BOTTOM OF THE 7TH
Lannister United Lionhearts batting - Pitching for Durham Rapiers : RHP Juan Díaz
Now at 2B: Miguel Ruíz
Now in CF: Barton McCann
Batting: RHB Héctor Ruíz 0-0: Called Strike
0-1: Called Strike
0-2: Ball
1-2: Ball
2-2: Ball
3-2: Base on Balls
Pitching: LHP Jeremy Petty
Batting: LHB Aurelio Aurillo 0-0: Called Strike
0-1: Ball
1-1: Sac Bunt - play at first, batter OUT! 2-4
Héctor Ruíz to second
Batting: LHB Eduardo Álvarez 0-0: Called Strike
Throwing error on steal attempt, E2
Héctor Ruíz scores
0-1: Ball
1-1: Ball
2-1: Fly out, F7 (Flyball, 7LM)
Batting: LHB Carl Duncan 0-0: Ball
1-0: SINGLE (Line Drive, 9LM)
Pinch Runner at 1st Gabriel Córdova:
Batting: RHB Javier Chávez 0-0: Ball
1-0: Swinging Strike
1-1: Ball
2-1: SINGLE (Line Drive, 9LS)
Gabriel Córdova to second
Runner from 2nd tries for 3rd, SAFE, throw made to third
Javier Chávez to second
Pitching: RHP Manuel Delgado
Batting: RHB Carlos Pacheco 0-0: Called Strike
0-1: Ball
1-1: Ball
2-1: Foul Ball, location: 2F
2-2: Ball
3-2: Foul Ball, location: 2F
3-2: Base on Balls
Pinch Hitting: LHB Guy Riley 0-0: Ball
1-0: Foul Ball, location: 2F
1-1: SINGLE (Groundball, 4MD)
Gabriel Córdova scores
Javier Chávez to third
Carlos Pacheco to second
Runner from 3rd tries for Home, SAFE, no throw or cutoff
Batting: RHB Sancho Balderas 0-0: 3-RUN HOME RUN (Flyball, 78XD), Distance : 410 ft
Batting: LHB José Tamayo 0-0: Ball
1-0: Called Strike
1-1: Swinging Strike
1-2: SINGLE (Line Drive, 89S)
Pitching: RHP Sam MacKerras
Batting: RHB Héctor Ruíz 0-0: Ball
1-0: Foul Ball, location: 2F
1-1: Called Strike
1-2: Fly out, F8 (Line Drive, 8RS)
Bottom of the 7th over - 6 run(s), 5 hit(s), 1 error(s), 1 left on base; Durham 6 - Lannister United 9
TOP OF THE 8TH
Durham Rapiers batting - Pitching for Lannister United Lionhearts : RHP Tom Rosas
Now in RF: Guy Riley
Batting: RHB Caleb Lee 0-0: Ball
1-0: Ball
2-0: Ground out 5-3 (Groundball, 56)
Batting: RHB Kevin Sanderson 0-0: Ball
1-0: Ball
2-0: Swinging Strike
2-1: Ball
3-1: Reached on Error, E4 (Popup, 4MD)
Pitching: RHP Pete Poirot
Batting: SHB Orlando López 0-0: Ball
1-0: Ball
2-0: SINGLE (Flyball, 7S)
Kevin Sanderson to second
Pitching: LHP Manuel Franco
Batting: LHB Mitchell Hansen 0-0: Hit by Pitch
Kevin Sanderson to third
Orlando López to second
Pitching: RHP Gonçalo Conxacha
Pinch Hitting: RHB Álex Hernández 0-0: Called Strike
0-1: Foul Ball, location: 2F
0-2: Ball
1-2: SINGLE (Groundball, 6M)
Kevin Sanderson scores
Orlando López to third
Mitchell Hansen to second
Runner from 3rd tries for Home, SAFE, no throw or cutoff
Batting: LHB Evan Nelson 0-0: Foul Ball, location: 2F
0-1: Ball
1-1: Ball
2-1: Swinging Strike
2-2: Ball
3-2: Strikes out swinging
Batting: RHB Luis Tapia 0-0: SINGLE (Groundball, 6M)
Mitchell Hansen to third
Álex Hernández to second
Runner from 3rd tries for Home, SAFE, throw made home
Batting: LHB Barton McCann 0-0: Ball
1-0: Ball
2-0: Ball
3-0: Called Strike
3-1: SINGLE (Groundball, 6MD)
Álex Hernández to third
Luis Tapia to second
Runner from 3rd tries for Home, SAFE, no throw or cutoff
Batting: SHB Kunimichi Chikafuji 0-0: Called Strike
0-1: Hit by Pitch
Luis Tapia to third
Barton McCann to second
Batting: RHB Caleb Lee 0-0: Ball
1-0: Ball
2-0: Foul Ball, location: 2F
2-1: Foul Ball, location: 2F
2-2: Fielders Choice at 2nd, U4 (Groundball, 4M)
Top of the 8th over - 4 run(s), 4 hit(s), 1 error(s), 3 left on base; Durham 10 - Lannister United 9
BOTTOM OF THE 8TH
Lannister United Lionhearts batting - Pitching for Durham Rapiers : RHP Sam MacKerras
Pitching: RHP Jeff Cox
Now at 2B: Juan Blanco
Batting: LHB Aurelio Aurillo 0-0: Ball
1-0: Ball
2-0: Called Strike
2-1: Foul Ball, location: 2F
2-2: Ground out 1-3 (Groundball, 25)
Batting: LHB Eduardo Álvarez 0-0: Ball
1-0: Called Strike
1-1: Ball
2-1: Foul Ball, location: 2F
2-2: Foul Ball, location: 2F
2-2: Ground out 4-3 (Groundball, 4)
Batting: LHB Gabriel Córdova 0-0: Ball
1-0: Foul Ball, location: 2F
1-1: Ground out U3 (Groundball, 3S)
Bottom of the 8th over - 0 run(s), 0 hit(s), 0 error(s), 0 left on base; Durham 10 - Lannister United 9
TOP OF THE 9TH
Durham Rapiers batting - Pitching for Lannister United Lionhearts : RHP Gonçalo Conxacha
Batting: RHB Kevin Sanderson 0-0: Called Strike
0-1: Ball
1-1: Ball
2-1: Foul Ball, location: 2F
2-2: TRIPLE (Line Drive, 5L)
Batting: SHB Orlando López 0-0: Ball
1-0: Ball
2-0: Foul Ball, location: 2F
2-1: Bunted foul
2-2: SINGLE (Groundball, 3L) (infield hit)
Kevin Sanderson scores
Batting: LHB Mitchell Hansen 0-0: Sac Bunt - play at first, batter OUT! 5-3
Orlando López to second
Batting: SHB Juan Blanco 0-0: Ground out 4-3 (Groundball, 34)
Orlando López to third
Batting: LHB Evan Nelson 0-0: Called Strike
0-1: Called Strike
0-2: Ball
1-2: Ball
2-2: Strikes out looking
Top of the 9th over - 1 run(s), 2 hit(s), 0 error(s), 1 left on base; Durham 11 - Lannister United 9
BOTTOM OF THE 9TH
Lannister United Lionhearts batting - Pitching for Durham Rapiers : RHP Jeff Cox
Pitching: LHP Jason Horne
Batting: RHB Javier Chávez 0-0: Foul Ball, location: 2F
0-1: Foul Ball, location: 2F
0-2: Strikes out looking
Batting: RHB Carlos Pacheco 0-0: Ball
1-0: Ball
2-0: Ball
3-0: Base on Balls
Pinch Hitting: RHB Pedro Herrera 0-0: 2-RUN HOME RUN (Flyball, 78XD), Distance : 407 ft
Batting: RHB Sancho Balderas 0-0: Called Strike
0-1: Ball
1-1: Fly out, F8 (Flyball, 8LM)
Pinch Hitting: LHB Shang-de Zhang 0-0: Ball
1-0: SINGLE (Line Drive, 89S)
Batting: RHB Héctor Ruíz 0-0: Ball
1-0: Ball
2-0: Called Strike
2-1: Foul Ball, location: 2F
2-2: Fly out, F8 (Flyball, 8RM)
Bottom of the 9th over - 2 run(s), 2 hit(s), 0 error(s), 1 left on base; Durham 11 - Lannister United 11
TOP OF THE 10TH
Durham Rapiers batting - Pitching for Lannister United Lionhearts : RHP Gonçalo Conxacha
Pitching: RHP Freddy Gómez
Now at 2B: Pedro Herrera
Now in RF: Kenko Ueda
Batting: RHB Luis Tapia 0-0: Called Strike
0-1: Foul Ball, location: 2F
0-2: Foul Ball, location: 2F
0-2: Ball
1-2: Strikes out swinging
Batting: LHB Barton McCann 0-0: Called Strike
0-1: Foul Ball, location: 2F
0-2: Foul Ball, location: 2F
0-2: SINGLE (Flyball, 78S)
Batting: SHB Kunimichi Chikafuji 0-0: Ball
Barton McCann steals 2nd base
1-0: Ball
2-0: Called Strike
2-1: Ball
3-1: Fly out, F6 (Popup, 6M)
Batting: RHB Caleb Lee 0-0: Ball
1-0: Ball
2-0: Foul Ball, location: 2F
2-1: Foul Ball, location: 2F
2-2: Ball
3-2: Base on Balls
Batting: RHB Kevin Sanderson 0-0: Ground out 6-3 (Groundball, 6)
Top of the 10th over - 0 run(s), 1 hit(s), 0 error(s), 2 left on base; Durham 11 - Lannister United 11
BOTTOM OF THE 10TH
Lannister United Lionhearts batting - Pitching for Durham Rapiers : LHP Jason Horne
Pinch Hitting: RHB Edgar Carrillo 0-0: Ball
1-0: Ball
2-0: Called Strike
2-1: Foul Ball, location: 2F
2-2: Strikes out swinging
Pinch Hitting: RHB Joe Runyon 0-0: Ball
1-0: Ball
2-0: Ball
3-0: Called Strike
3-1: Swinging Strike
3-2: Fly out, F8 (Flyball, 8RM)
Batting: LHB Gabriel Córdova 0-0: Called Strike
0-1: Ball
1-1: Ball
2-1: Ball
3-1: Called Strike
3-2: Base on Balls
Batting: RHB Javier Chávez 0-0: Ball
Gabriel Córdova is caught stealing 2nd base
Bottom of the 10th over - 0 run(s), 0 hit(s), 0 error(s), 0 left on base; Durham 11 - Lannister United 11
TOP OF THE 11TH
Durham Rapiers batting - Pitching for Lannister United Lionhearts : RHP Freddy Gómez
Now at 1B: Edgar Carrillo
Now in LF: Curt Monroe
Batting: SHB Orlando López 0-0: Called Strike
0-1: Fly out, F8 (Flyball, 89M)
Batting: LHB Mitchell Hansen 0-0: Called Strike
0-1: Foul Ball, location: 2F
0-2: Foul Ball, location: 2F
0-2: Ball
1-2: Ground out U3 (Groundball, 3S)
Pinch Hitting: RHB Augusto Flores 0-0: Foul Ball, location: 2F
0-1: Called Strike
0-2: Strikes out swinging
Top of the 11th over - 0 run(s), 0 hit(s), 0 error(s), 0 left on base; Durham 11 - Lannister United 11
BOTTOM OF THE 11TH
Lannister United Lionhearts batting - Pitching for Durham Rapiers : LHP Jason Horne
Pitching: RHP Morgan MacDonald
Now at 2B: David Cross
Batting: RHB Javier Chávez 0-0: Ball
1-0: Called Strike
1-1: Ball
2-1: Swinging Strike
2-2: Ball
3-2: Foul Ball, location: 2F
3-2: Base on Balls
Batting: RHB Carlos Pacheco 0-0: Sac Bunt - play at second, runner OUT -> throw to first, DP!
Batting: RHB Pedro Herrera 0-0: Ball
1-0: Foul Ball, location: 2F
1-1: Called Strike
1-2: Foul Ball, location: 2F
1-2: Ball
2-2: Ground out 4-3 (Groundball, 34)
Bottom of the 11th over - 0 run(s), 0 hit(s), 0 error(s), 0 left on base; Durham 11 - Lannister United 11
TOP OF THE 12TH
Durham Rapiers batting - Pitching for Lannister United Lionhearts : RHP Freddy Gómez
Batting: LHB Evan Nelson 0-0: Ball
1-0: Called Strike
1-1: Foul Ball, location: 2F
1-2: SINGLE (Line Drive, 78S)
Batting: RHB Luis Tapia 0-0: Swinging Strike
0-1: Called Strike
0-2: Ball
1-2: Ball
2-2: Ball
3-2: Foul Ball, location: 2F
3-2: Foul Ball, location: 2F
3-2: Foul Ball, location: 2F
3-2: Strikes out swinging
Evan Nelson steals 2nd base
Batter strikes out.
Batting: LHB Barton McCann 0-0: Called Strike
0-1: Ball
1-1: Ball
Evan Nelson steals 3rd base
2-1: SINGLE (Groundball, 4M) (infield hit)
Evan Nelson scores
Batting: SHB Kunimichi Chikafuji 0-0: Called Strike
0-1: Called Strike
0-2: Ball
1-2: Grounds out, U3 (Groundball, 3L)
Pitching: RHP Jesús Chután
Batting: RHB Caleb Lee 0-0: Ball
1-0: Ball
2-0: Called Strike
2-1: Swinging Strike
2-2: Strikes out looking
Top of the 12th over - 1 run(s), 2 hit(s), 0 error(s), 1 left on base; Durham 12 - Lannister United 11
BOTTOM OF THE 12TH
Lannister United Lionhearts batting - Pitching for Durham Rapiers : RHP Morgan MacDonald
Batting: RHB Sancho Balderas 0-0: Ground out 6-3 (Groundball, 6)
Batting: LHB Kenko Ueda 0-0: Ball
1-0: Ball
2-0: Ball
3-0: Called Strike
3-1: Foul Ball, location: 2F
3-2: Foul Ball, location: 2F
3-2: Base on Balls
Pinch Hitting: SHB Pedro Alfiche 0-0: Called Strike
0-1: Called Strike
0-2: Ball
1-2: Foul Ball, location: 2F
1-2: Grounds into double play, 1-4-3 (Groundball, 15)
Bottom of the 12th over - 0 run(s), 0 hit(s), 0 error(s), 0 left on base; Durham 12 - Lannister United 11
This league is powered by Out of the Park Baseball, the baseball management simulation game for PC, Mac and Linux
Friday, April 15th, 2016 - OOTP Baseball 16.9 Build 39